 Dungeon Crawl Stone Soup version 0.30-a0-389-g8d7d949f56 (webtiles) character file.

Game seed: 14798843761848966258

202 arthad the Covert (level 5, -1/47 HPs)
             Began as a Gnoll Delver on Dec 3, 2022.
             Was an Initiate of Gozag.
             Slain by Robin
             ... wielding a +1 vorpal mace
              (2 damage)
             ... on level 2 of the Dungeon.
             The game lasted 00:06:24 (1982 turns).

arthad the Covert (Gnoll Delver)                    Turns: 1982, Time: 00:06:25

Health: -1/47      AC:  3    Str: 13    XL:     5   Next: 80%
Magic:  7/7        EV: 13    Int:  9    God:    Gozag
Gold:   393        SH:  0    Dex: 14    Spells: 7/7 levels left

rFire   . . .      SeeInvis .    a - +0 hand axe
rCold   . . .      Faith    .    (no shield)
rNeg    . . .      Spirit   .    b - +0 leather armour
rPois   .          Reflect  .    (no helmet)
rElec   .          Harm     .    (no cloak)
rCorr   .          Rampage  .    (no gloves)
Will    .....                    (no boots)
Stlth   ++++......               (no amulet)
HPRegen 0.27/turn                (no ring)
MPRegen 0.10/turn                (no ring)

@: gold aura, hasted, very quick
A: fangs 1, strong nose, distributed training
a: Renounce Religion, Potion Petition, Call Merchant, Bribe Branch


You were on level 2 of the Dungeon.
You worshipped Gozag.
Gozag was aware of your devotion.
You visited 2 branches of the dungeon, and saw 5 of its levels.
You also visited: Sewer.

You collected 404 gold pieces.
You paid 11 gold pieces to Gozag.

Inventory:

Hand Weapons
 a - a +0 hand axe (weapon)
Armour
 b - a +0 leather armour (worn)
Magical Staves
 o - a staff of death
Wands
 g - a wand of digging (3)
Scrolls
 c - a scroll of fog
 d - 2 scrolls of immolation {unknown}
 e - a scroll of identify
 i - 2 scrolls of teleportation {unknown}
 j - 2 scrolls of summoning {unknown}
 k - a scroll of amnesia {unknown}
 l - a scroll of enchant armour {unknown}
 n - a scroll of blinking {unknown}
Potions
 f - a potion of haste
 h - 3 potions of degeneration
 m - 4 potions of flight


   Skills:
 + Level 6.7 Fighting
 + Level 1.7 Short Blades
 + Level 1.7 Long Blades
 + Level 4.9 Axes
 + Level 1.7 Maces & Flails
 + Level 1.7 Polearms
 + Level 1.7 Staves
 + Level 1.7 Ranged Weapons
 + Level 1.7 Throwing
 + Level 1.7 Armour
 + Level 4.9 Dodging
 + Level 9.7 Stealth
 + Level 1.7 Shields
 + Level 1.7 Unarmed Combat
 + Level 1.7 Spellcasting
 + Level 1.3 Conjurations
 + Level 1.3 Hexes
 + Level 1.3 Summonings
 + Level 1.3 Necromancy
 + Level 1.3 Translocations
 + Level 1.3 Transmutations
 + Level 1.3 Fire Magic
 + Level 1.3 Ice Magic
 + Level 1.3 Air Magic
 + Level 1.3 Earth Magic
 + Level 1.3 Poison Magic
 + Level 1.9 Invocations
 + Level 1.7 Evocations


You had 7 spell levels left.
You didn't know any spells.
Your spell library was empty.

Dungeon Overview and Level Annotations

Branches:
Dungeon (5/15)             Temple (1/1) D:5           Sewer (visited)

Altars:
Ashenzari
Elyvilon
Gozag
Hepliaklqana
Makhleb
Qazlal
Ru
Sif Muna
Trog
Uskayaw
Xom
Zin

Shops:
D:3 [

Annotations:
D:2 Robin
D:3 3 runed translucent doors, MakMorn's ghost, amateur AtFi


Innate Abilities, Weirdness & Mutations

You have very sharp teeth.
Your uncanny sense of smell can sniff out nearby items.
Your experience applies equally to all skills.


Message History

The hobgoblin is no longer distracted by gold.
Robin is distracted by your dazzling golden aura.
Robin shouts!
You hit Robin but do no damage.
Robin is no longer distracted by gold.
Robin is moderately wounded.
You completely miss the goblin.
The goblin no longer looks unusually strong.
The goblin is no longer distracted by gold.
The hobgoblin is distracted by your dazzling golden aura.
The goblin hits you with a +0 club. Robin throws the goblin at you!
The goblin is distracted by your dazzling golden aura.
Unknown command.
You feel yourself speed up.
The goblin is no longer distracted by gold.
The goblin hits you with a +0 club.
The goblin is distracted by your dazzling golden aura.
Robin hits you with a +1 vorpal mace.
* * * LOW HITPOINT WARNING * * *
x2 The goblin shouts! x2
You hit Robin. You bite Robin, but do no damage.
Robin is severely wounded.
You barely miss the goblin. The goblin hits you with a +0 club.
* * * LOW HITPOINT WARNING * * *
Robin is distracted by your dazzling golden aura.
You hit Robin but do no damage.
Robin is no longer distracted by gold.
Robin is severely wounded.
You hit the goblin.
Unknown command.
You hit Robin.
Robin is severely wounded.
You hit the goblin.
You kill the goblin!
The goblin is no longer distracted by gold.
The hobgoblin is no longer distracted by gold.
The goblin is distracted by your dazzling golden aura.
The hobgoblin is distracted by your dazzling golden aura.
Robin hits you with a +1 vorpal mace.
* * * LOW HITPOINT WARNING * * *
You die...
Your body crumbles into a pile of gold.

$ gg #. #g ##.# .
#####..######..
#.............#
#.....$g...#
#.....$@..# .#
#.....$.$.#..#
##......<....#
#...........##
#..........##
#.#..#.##### #.##.#
..##.##.# ########
#.......#####......##
.


You could see Robin, a hobgoblin (unaware) and 2 goblins.

Vanquished Creatures
  A hound (D:5)
  7 adders
  5 river rats (Sewer)
  2 worms (Sewer)
  A dart slug (D:2)
  An orc (D:5)
  4 ball pythons
  10 bats
  2 endoplasms
  2 giant cockroaches
  9 goblins (D:2)
  2 hobgoblins (D:2)
  2 jackals (Sewer)
  6 quokkas
  4 frilled lizards (Sewer)
  3 rats
61 creatures vanquished.

Notes
Turn   | Place    | Note
-------+----------+-------------------------------------------
     0 | D:5      | Reached skill level 9 in Stealth
     0 | D:5      | arthad the Gnoll Delver began the quest for the Orb.
     0 | D:5      | Reached XP level 1. HP: 23/23 MP: 1/1
    34 | D:5      | Noticed an orc wizard
    34 | D:5      | Noticed an orc priest
    63 | D:5      | Noticed a scorpion
    78 | D:5      | Noticed a hound
    87 | D:5      | Killed a hound
    88 | D:5      | Reached XP level 2. HP: 24/29 MP: 1/3
    88 | D:5      | Reached XP level 3. HP: 29/35 MP: 1/4
   179 | D:5      | Reached skill level 1 in Invocations
   423 | D:5      | Found a staircase to the Ecumenical Temple.
   432 | Temple   | Entered the Ecumenical Temple
   437 | Temple   | Became a worshipper of Gozag Ym Sagoz the Greedy
   553 | D:4      | Reached skill level 1 in Short Blades
   553 | D:4      | Reached skill level 1 in Long Blades
   553 | D:4      | Reached skill level 1 in Maces & Flails
   553 | D:4      | Reached skill level 1 in Polearms
   553 | D:4      | Reached skill level 1 in Staves
   553 | D:4      | Reached skill level 1 in Ranged Weapons
   553 | D:4      | Reached skill level 1 in Throwing
   553 | D:4      | Reached skill level 1 in Armour
   553 | D:4      | Reached skill level 1 in Shields
   553 | D:4      | Reached skill level 1 in Unarmed Combat
   553 | D:4      | Reached skill level 1 in Spellcasting
   553 | D:4      | Reached skill level 1 in Evocations
   569 | D:4      | Reached XP level 4. HP: 24/41 MP: 5/5
   693 | D:4      | Found a glowing drain.
   697 | Sewer    | Entered a sewer
   717 | Sewer    | Reached skill level 1 in Conjurations
   717 | Sewer    | Reached skill level 1 in Hexes
   717 | Sewer    | Reached skill level 1 in Summonings
   717 | Sewer    | Reached skill level 1 in Necromancy
   717 | Sewer    | Reached skill level 1 in Translocations
   717 | Sewer    | Reached skill level 1 in Transmutations
   717 | Sewer    | Reached skill level 1 in Fire Magic
   717 | Sewer    | Reached skill level 1 in Ice Magic
   717 | Sewer    | Reached skill level 1 in Air Magic
   717 | Sewer    | Reached skill level 1 in Earth Magic
   717 | Sewer    | Reached skill level 1 in Poison Magic
   929 | Sewer    | Reached XP level 5. HP: 11/47 MP: 5/7
  1710 | D:4      | Found a bloodstained altar of Trog.
  1721 | D:3      | Found a runed translucent gate.
  1721 | D:3      | Found a runed translucent gate.
  1721 | D:3      | Found a runed translucent gate.
  1728 | D:3      | Noticed MakMorn's ghost (amateur AtFi)
  1749 | D:3      | Found Xoohe's Armour Shoppe.
  1753 | D:3      | Found a glowing silver altar of Zin.
  1961 | D:2      | Noticed Robin
  1982 | D:2      | HP: 1/47 [Robin/+1 vorpal mace (6)]
  1982 | D:2      | Slain by Robin

Illustrated notes

Levels and vault maps discovered:
D:2:      layout_rooms, serial_shops, nicolae_shop_trees, uniq_jessica,
          uniq_robin
D:3:      layout_basic, mainiacjoe_overflow_24_doors,
          gammafunk_temple_overflow_forgotten, serial_shops,
          nicolae_diamond_shop, gammafunk_ghost_necromancy, minivault_25,
          chequers_big_river, minmay_misc_feat_square, kennysheep_generic_room_7
D:4:      layout_rooms, lemuel_round_altar, gup_sewer_entry_bowl
D:5:      layout_gridville, dk_yredelemnul_ordeal, minmay_temple_entry_grid
Temple:   hellmonk_temple_micro_hex

Skill      XL: |  1  2  3  4 |
---------------+-------------+-----
Stealth        | |  9.7
Invocations    | 1 |  1.9
Short Blades   | 1 |  1.7
Long Blades    | 1 |  1.7
Maces & Flails | 1 |  1.7
Polearms       | 1 |  1.7
Staves         | 1 |  1.7
Ranged Weapons | 1 |  1.7
Throwing       | 1 |  1.7
Armour         | 1 |  1.7
Shields        | 1 |  1.7
Unarmed Combat | 1 |  1.7
Spellcasting   | 1 |  1.7
Evocations     | 1 |  1.7
Conjurations   | 1 |  1.3
Hexes          | 1 |  1.3
Summonings     | 1 |  1.3
Necromancy     | 1 |  1.3
Translocations | 1 |  1.3
Transmutations | 1 |  1.3
Fire Magic     | 1 |  1.3
Ice Magic      | 1 |  1.3
Air Magic      | 1 |  1.3
Earth Magic    | 1 |  1.3
Poison Magic   | 1 |  1.3
Fighting       | |  6.7
Axes           | |  4.9
Dodging        | |  4.9

Action                   |  1- 3 |  4- 6 || total
-------------------------+-------+-------++-------
Melee: Hand axe          |    35 |   170 ||   205
       Bite              |     2 |    21 ||    23
       Punch             |       |     5 ||     5
  Use: Scroll            |     3 |       ||     3
       Potion            |       |     2 ||     2
 Stab: Sleeping          |     3 |     8 ||    11
Armor: Leather armour    |     4 |    59 ||    63
Dodge: Dodged            |    22 |   170 ||   192

Table legend: (Time is in decaauts)
 A = Elapsed time spent in this place.
 B = Non-inter-level travel time spent in this place.
 C = Inter-level travel time spent in this place.
 D = Time resting spent in this place.
 E = Time spent auto-exploring this place.
 F = Levels seen in this place.
 G = Mean time per level.
                   A        B        C        D        E       F      G
               +--------+--------+--------+--------+--------+-----+--------+
         Total |   2168 |   2157 |     11 |    421 |    855 |   6 |  361.3 |
       Dungeon |   1013 |   1002 |     11 |    141 |    369 |   4 |  253.2 |
        Temple |     10 |     10 |      0 |      0 |      0 |   1 |   10.0 |
         Sewer |   1144 |   1144 |      0 |    280 |    485 |   1 | 1144.0 |
               +--------+--------+--------+--------+--------+-----+--------+

Top non-repeatable levels by time:
   Sewer: 1144 daAuts
     D:5: 524 daAuts
     D:4: 227 daAuts
     D:3: 184 daAuts
     D:2: 77 daAuts
  Temple: 10 daAuts
